Sewer Rats vs Harfangs
(R1)
Created - March 25, 2018 at 19:02
Goals
|
Sewer Rats |
1 |
1 |
4 |
6 |
Harfangs |
2 |
0 |
2 |
4 |
|
Shots
|
Sewer Rats |
9 |
7 |
22 |
38 |
Harfangs |
14 |
9 |
13 |
36 |
|
1st period
1. Sewer Rats , Jonathan Huberdeau 27 (William Karlsson 14, Martin Frk 24) at 10:22
2. Harfangs , Brandon Pirri 13 (Nathan Beaulieu 37) at 11:37
3. Harfangs , Boone Jenner 19 (Victor Bartley 27, Dennis Everberg 20) at 17:52
Penalties :
John Ramage (Tol) for Hooking (Minor) at 4:00, Dylan Olsen (BEA) for Goalie Interference (Minor) at 6:47, Calle Jarnkrok (BEA) for Holding (Minor) at 14:40
2nd period
4. Sewer Rats , Mark Mancari 31 (Ville Leino 58) at 16:48
Penalties :
Dustin Jeffrey (BEA) for Holding (Minor) at 4:22, Dylan Olsen (BEA) for Hooking (Minor) at 8:52, Jonathan Huberdeau (Tol) for Tripping (Minor) at 11:19, Dylan Olsen (BEA) for Hooking (Minor) at 14:33, Mark Alt (BEA) for Roughing (Minor) at 18:31
3rd period
5. Sewer Rats , Ville Leino 46 (Jonathan Marchessault 35) at 2:25 (PP)
6. Harfangs , Cody Eakin 23 (Nathan Beaulieu 38, Andreas Martinsen 17) at 5:20
7. Harfangs , Vojtech Polak 27 (Tomas Kubalik 39, Victor Bartley 28) at 6:52
8. Sewer Rats , Ville Leino 47 (Matt Lashoff 25) at 8:38 (PP)
9. Sewer Rats , Mark Mancari 32 (Ville Leino 59, Jonathan Marchessault 36) at 18:51
10. Sewer Rats , Mark Mancari 33 (Ville Leino 60, Jonathan Marchessault 37) at 19:29 (Empty Net)
Penalties :
Dylan Olsen (BEA) for Roughing (Minor) at 2:24, Dylan Olsen (BEA) for High sticking (Minor) at 8:29, Tomas Kubalik (BEA) for Roughing (Minor) at 10:30, Daniel Carr (Tol) for Hooking (Minor) at 13:35, Dylan Olsen (BEA) for Holding (Minor) at 16:00, Brandon Saad (BEA) for Holding (Minor) at 19:42
Goalie Stats
Richard Bachman (Tol), 32 saves from 36 shots - (0.889), W, 19-17-0, 60:00 minutes
Andrew Hammond (BEA), 32 saves from 37 shots - (0.865), L, 26-18-4, 59:45 minutes
Players Stats for Sewer Rats
Player Name G A P +/- PIM S H SB GA TA FO MP PP MP PK MP
------------------------------------------------------------------------------------
Daniel Carr 0 0 0 -1 2 4 1 0 2 0 0/0 7:08 0:02 0:11
Dmitrij Jaskin 0 0 0 -1 0 1 0 0 0 0 0/1 6:55 0:02 0:00
Jared Boll 0 0 0 0 0 3 1 0 1 0 0/0 17:34 7:38 1:46
Jarred Tinordi 0 0 0 1 0 0 2 2 1 0 0/0 22:15 7:31 2:18
Joel Edmundson 0 0 0 1 0 1 1 0 0 0 0/0 22:15 7:31 2:18
John Ramage 0 0 0 -1 2 0 0 3 0 0 0/0 7:07 0:00 0:00
Jonathan Huberdeau 1 0 1 1 2 2 0 0 0 0 1/1 12:00 0:05 0:23
Jonathan Marchessault 0 3 3 0 0 2 3 0 0 1 17/38 20:03 8:36 0:00
Jonathan Racine 0 0 0 0 0 0 0 0 0 0 0/0 3:18 0:00 0:00
Mark Mancari 3 0 3 0 0 6 3 1 2 1 0/0 23:33 8:39 3:24
Martin Frk 0 1 1 1 0 3 0 0 0 0 0/0 11:11 0:00 0:00
Matt Lashoff 0 1 1 0 0 3 2 1 1 2 0/0 27:19 8:48 3:39
Nick Cousins 0 0 0 -1 0 1 0 0 0 0 3/4 6:36 0:00 0:00
Ryan Murphy 0 0 0 -1 0 1 1 0 0 0 0/0 7:08 0:00 0:00
Steven Kampfer 0 0 0 0 0 2 2 0 0 1 0/0 27:19 8:48 3:39
Ville Leino 2 3 5 0 0 2 4 0 2 2 5/6 23:37 8:39 3:28
Vincent Trocheck 0 0 0 0 0 1 0 0 0 0 3/12 15:46 7:38 0:03
William Karlsson 0 1 1 1 0 3 0 1 0 0 1/3 12:04 0:00 0:53
Xavier Ouellet 0 0 0 0 0 0 0 0 0 0 0/0 3:18 0:00 0:00
Zach Boychuk 0 0 0 0 0 3 6 0 0 0 1/3 17:34 7:38 1:46
Players Stats for Harfangs
Player Name G A P +/- PIM S H SB GA TA FO MP PP MP PK MP
------------------------------------------------------------------------------------
Alex Plante 0 0 0 0 0 0 0 0 0 2 0/0 2:11 0:00 0:00
Andreas Martinsen 0 1 1 -1 0 1 2 0 0 0 0/0 7:49 0:00 1:34
Angelo Esposito 0 0 0 -1 0 0 1 0 0 0 0/2 8:55 0:00 2:34
Boone Jenner 1 0 1 1 0 1 1 0 2 0 2/5 10:21 0:00 0:11
Brandon Pirri 1 0 1 -1 0 4 1 0 0 0 1/1 12:09 2:52 0:00
Brandon Saad 0 0 0 1 2 1 2 0 0 0 0/1 10:09 0:00 0:00
Brenden Kichton 0 0 0 0 0 0 0 0 0 0 0/0 0:00 0:00 0:00
Brian Lashoff 0 0 0 -1 0 3 0 4 0 3 0/0 29:29 3:15 9:08
Calle Jarnkrok 0 0 0 -1 2 2 0 0 0 1 9/13 13:13 2:52 0:00
Cody Eakin 1 0 1 1 0 2 2 1 1 0 20/36 23:56 3:05 9:27
Colton Sissons 0 0 0 0 0 0 0 0 0 0 0/0 0:00 0:00 0:00
Dennis Everberg 0 1 1 1 0 1 0 0 0 0 1/2 10:10 0:00 0:00
Dustin Jeffrey 0 0 0 -1 2 10 1 0 0 0 0/0 18:02 2:52 4:39
Dylan Olsen 0 0 0 2 12 1 2 3 0 0 0/0 16:54 2:42 2:41
Jake Dotchin 0 0 0 0 0 0 0 0 0 0 0/0 3:43 0:00 2:55
Joel Armia 0 0 0 0 0 0 0 0 0 0 0/0 0:00 0:00 0:00
Jujhar Khaira 0 0 0 0 0 0 0 0 0 0 0/0 0:00 0:00 0:00
Mark Alt 0 0 0 -1 2 0 0 0 0 2 0/0 6:42 0:00 0:00
Michal Repik 0 0 0 -1 0 3 0 0 0 0 1/1 6:05 0:00 0:00
Nathan Beaulieu 0 2 2 2 0 1 0 1 1 0 0/0 22:09 2:42 7:11
Nick Holden 0 0 0 -1 0 0 0 0 0 0 0/0 8:15 0:00 1:35
Reid McNeill 0 0 0 0 0 0 0 0 0 0 0/0 2:11 0:00 0:00
Tomas Kubalik 0 1 1 1 2 3 0 2 2 0 2/4 17:33 3:05 4:43
Victor Bartley 0 2 2 -1 0 2 2 5 1 0 0/0 29:29 3:15 9:08
Vojtech Polak 1 0 1 1 0 1 3 0 0 1 1/3 24:05 3:05 9:30
3 Stars
1 - Ville Leino (Tol)
2 - Mark Mancari (Tol)
3 - Jonathan Marchessault (Tol)
Power Play
Sewer Rats - 2 on 11 Attempt(s) - 18.18%
Harfangs - 0 on 3 Attempt(s) - 0.00%
Penalty Kill
Sewer Rats - 3 on 3 Attempt(s) - 100.00%
- Score 0 goal in Penalty Kill
Harfangs - 9 on 11 Attempt(s) - 81.82%
- Score 0 goal in Penalty Kill
Team Stat
Sewer Rats - Hits : 26 - Faceoff Wins : 31 - Blocked Shots : 8 - Penalty Minutes : 6
Harfangs - Hits : 17 - Faceoff Wins : 37 - Blocked Shots : 16 - Penalty Minutes : 22
Official
Referees : Rehman Kyle and McCauley Wes
Linesman : Derek Amell and Bryan Pancich
Game Notes
Mark Mancari has scored a Hat Trick!
Mark Mancari has scored in a empty net!
Finance
Level 1 -- Attendance: 1409 (70.45%) -- Ticket Income $47,906
Level 2 -- Attendance: 699 (69.90%) -- Ticket Income $13,281
Total Attendance: 2108 (70.27%)
Total Ticket Income: $61,187
Other Income: $3,059
Total Income: $64,246
Sewer Rats
5 vs 5 Forward
Center Left Wing Right Wing Time % Phy DF OF
1 Jonathan Marchessault Ville Leino Mark Mancari 40 1 2 2
2 Vincent Trocheck Zach Boychuk Jared Boll 30 1 2 2
3 William Karlsson Jonathan Huberdeau Martin Frk 20 1 2 2
4 Nick Cousins Daniel Carr Dmitrij Jaskin 10 1 2 2
5 vs 5 Defense
Defense Defense Time % Phy DF OF
1 Matt Lashoff Steven Kampfer 40 1 2 2
2 Jarred Tinordi Joel Edmundson 30 1 2 2
3 John Ramage Ryan Murphy 20 1 2 2
4 Xavier Ouellet Jonathan Racine 10 1 2 2
PowerPlay Forward
Center Left Wing Right Wing Time % Phy DF OF
1 Jonathan Marchessault Ville Leino Mark Mancari 60 1 2 2
2 Vincent Trocheck Zach Boychuk Jared Boll 40 1 2 2
PowerPlay Defense
Defense Defense Time % Phy DF OF
1 Matt Lashoff Steven Kampfer 60 1 2 2
2 Jarred Tinordi Joel Edmundson 40 1 2 2
Penalty Kill 4 Players Forward
Center Wing Time % Phy DF OF
1 Ville Leino Mark Mancari 60 1 2 2
2 Zach Boychuk Jared Boll 40 1 2 2
Penalty Kill 4 Players Defense
Defense Defense Time % Phy DF OF
1 Matt Lashoff Steven Kampfer 60 1 2 2
2 Jarred Tinordi Joel Edmundson 40 1 2 2
Penalty Kill - 3 Players Forward
Forward Time % Phy DF OF
1 Ville Leino 60 1 2 2
2 Mark Mancari 40 1 2 2
Penalty Kill - 3 Players Defense
Defense Defense Time % Phy DF OF
1 Matt Lashoff Steven Kampfer 60 1 2 2
2 Jarred Tinordi Joel Edmundson 40 1 2 2
4 vs 4 Forward
Center Wing Time % Phy DF OF
1 Ville Leino Mark Mancari 60 1 2 2
2 Zach Boychuk Jared Boll 40 1 2 2
4 vs 4 Defense
Defense Defense Time % Phy DF OF
1 Matt Lashoff Steven Kampfer 60 1 2 2
2 Jarred Tinordi Joel Edmundson 40 1 2 2
Last Minutes Offensive
Center Left Wing Right Wing Defense Defense
Jonathan Marchessault Ville Leino Mark Mancari Matt Lashoff Steven Kampfer
Last Minutes Defensive
Center Left Wing Right Wing Defense Defense
Jonathan Marchessault Ville Leino Mark Mancari Matt Lashoff Steven Kampfer
Goaltenders
Starting : Richard Bachman
Backup : Marek Mazanek
Extra Forwards
Normal : Jonathan Huberdeau, Daniel Carr, William Karlsson - PP : Jonathan Huberdeau, Daniel Carr - PK : William Karlsson
Extra Defensemen
Normal : John Ramage, Ryan Murphy, Xavier Ouellet - PP : John Ramage - PK : Ryan Murphy, Xavier Ouellet
Penalty Shots
Ville Leino, Mark Mancari, Zach Boychuk, Jared Boll, Jonathan Huberdeau
Scratches
Connor Carrick (Healthy), Mattias Ekholm (Sprained Right Ankle Injury), Josh Archibald (Healthy), Joseph Blandisi (Healthy), Chris Calhan (Healthy)
Tom Sestito (Healthy), Sergei Kostenko (Healthy)
Harfangs
5 vs 5 Forward
Center Left Wing Right Wing Time % Phy DF OF
1 Cody Eakin Vojtech Polak Tomas Kubalik 40 1 2 2
2 Calle Jarnkrok Dustin Jeffrey Brandon Pirri 30 1 2 2
3 Boone Jenner Brandon Saad Dennis Everberg 20 1 2 2
4 Angelo Esposito Andreas Martinsen Michal Repik 10 1 2 2
5 vs 5 Defense
Defense Defense Time % Phy DF OF
1 Victor Bartley Brian Lashoff 40 1 2 2
2 Nathan Beaulieu Dylan Olsen 30 1 2 2
3 Nick Holden Mark Alt 20 1 2 2
4 Alex Plante Reid McNeill 10 1 2 2
PowerPlay Forward
Center Left Wing Right Wing Time % Phy DF OF
1 Cody Eakin Vojtech Polak Tomas Kubalik 60 1 2 2
2 Calle Jarnkrok Dustin Jeffrey Brandon Pirri 40 1 2 2
PowerPlay Defense
Defense Defense Time % Phy DF OF
1 Victor Bartley Brian Lashoff 60 1 2 2
2 Nathan Beaulieu Dylan Olsen 40 1 2 2
Penalty Kill 4 Players Forward
Center Wing Time % Phy DF OF
1 Cody Eakin Vojtech Polak 60 1 2 2
2 Tomas Kubalik Dustin Jeffrey 40 1 2 2
Penalty Kill 4 Players Defense
Defense Defense Time % Phy DF OF
1 Victor Bartley Brian Lashoff 60 1 2 2
2 Nathan Beaulieu Dylan Olsen 40 1 2 2
Penalty Kill - 3 Players Forward
Forward Time % Phy DF OF
1 Cody Eakin 60 1 2 2
2 Vojtech Polak 40 1 2 2
Penalty Kill - 3 Players Defense
Defense Defense Time % Phy DF OF
1 Victor Bartley Brian Lashoff 60 1 2 2
2 Nathan Beaulieu Dylan Olsen 40 1 2 2
4 vs 4 Forward
Center Wing Time % Phy DF OF
1 Cody Eakin Vojtech Polak 60 1 2 2
2 Tomas Kubalik Dustin Jeffrey 40 1 2 2
4 vs 4 Defense
Defense Defense Time % Phy DF OF
1 Victor Bartley Brian Lashoff 60 1 2 2
2 Nathan Beaulieu Dylan Olsen 40 1 2 2
Last Minutes Offensive
Center Left Wing Right Wing Defense Defense
Cody Eakin Vojtech Polak Tomas Kubalik Victor Bartley Brian Lashoff
Last Minutes Defensive
Center Left Wing Right Wing Defense Defense
Cody Eakin Vojtech Polak Tomas Kubalik Victor Bartley Brian Lashoff
Goaltenders
Starting : Andrew Hammond
Backup : Anton Forsberg
Extra Forwards
Normal : Joel Armia, Colton Sissons, Calle Jarnkrok - PP : Joel Armia, Boone Jenner - PK : Angelo Esposito
Extra Defensemen
Normal : Brenden Kichton, Jake Dotchin, Nick Holden - PP : Brenden Kichton - PK : Jake Dotchin, Nick Holden
Penalty Shots
Cody Eakin, Vojtech Polak, Tomas Kubalik, Dustin Jeffrey, Brandon Pirri
Scratches
Cristoval Nieves (Healthy), John Macfarland (Healthy), Sebastian Wannstrom (Healthy), Brendan Leipsic (Healthy), Jason Kasdorf (Healthy)
Mark Visentin (Healthy), Scott Wedgewood (Healthy)
% Time on Ice - Sewer Rats
Lines # - Real PCT - Wanted PCT - Time Play
Normal Forward
1 - 30% - 40% - 11:09
2 - 22% - 30% - 8:10
3 - 30% - 20% - 11:11
4 - 18% - 10% - 6:36
Normal Defense
1 - 38% - 40% - 14:14
2 - 34% - 30% - 12:26
3 - 19% - 20% - 7:08
4 - 9% - 10% - 3:18
PP Forward
1 - 53% - 60% - 8:41
2 - 47% - 40% - 7:38
PP Defense
1 - 54% - 60% - 8:48
2 - 46% - 40% - 7:31
PK Forward
1 - 70% - 60% - 4:11
2 - 30% - 40% - 1:46
PK Defense
1 - 61% - 60% - 3:39
2 - 39% - 40% - 2:18
PK3 Forward
1 - 0% - 60%
2 - 0% - 40%
PK3 Defense
1 - 0% - 60%
2 - 0% - 40%
44 Forward
1 - 0% - 60%
2 - 0% - 40%
44 Defense
1 - 0% - 60%
2 - 0% - 40%
Last Minute Offensive - 0:00
Last Minute Defensive - 0:38
Total
Forward - 60:00
Defense - 60:00
|
% Time on Ice - Harfangs
Lines # - Real PCT - Wanted PCT - Time Play
Normal Forward
1 - 30% - 40% - 11:02
2 - 26% - 30% - 9:49
3 - 27% - 20% - 10:10
4 - 16% - 10% - 6:05
Normal Defense
1 - 44% - 40% - 16:28
2 - 33% - 30% - 12:16
3 - 17% - 20% - 6:11
4 - 6% - 10% - 2:11
PP Forward
1 - 52% - 60% - 3:05
2 - 48% - 40% - 2:52
PP Defense
1 - 55% - 60% - 3:15
2 - 45% - 40% - 2:42
PK Forward
1 - 67% - 60% - 10:57
2 - 33% - 40% - 5:22
PK Defense
1 - 56% - 60% - 9:08
2 - 44% - 40% - 7:11
PK3 Forward
1 - 0% - 60%
2 - 0% - 40%
PK3 Defense
1 - 0% - 60%
2 - 0% - 40%
44 Forward
1 - 0% - 60%
2 - 0% - 40%
44 Defense
1 - 0% - 60%
2 - 0% - 40%
Last Minute Offensive - 0:38
Last Minute Defensive - 0:00
Total
Forward - 60:00
Defense - 60:00
|
Play by Play
1st period
0:01 of 1st period - Cody Eakin wins face-off versus Jonathan Marchessault in neutral zone.
0:06 of 1st period - Cody Eakin is hit by Jonathan Marchessault and loses puck.
0:13 of 1st period - Slapshot by Brian Lashoff.
0:13 of 1st period - Shot Misses the Net.
0:29 of 1st period - Snap shot by Ville Leino.
0:29 of 1st period - Shot Misses the Net.
0:35 of 1st period - Steven Kampfer is hit by Dylan Olsen and loses puck.
2:03 of 1st period - Snap shot by Brandon Pirri.
2:03 of 1st period - Stopped by Richard Bachman with a rebound.
2:46 of 1st period - Slapshot by Daniel Carr.
2:46 of 1st period - Stopped by Andrew Hammond with a rebound.
2:48 of 1st period - Slapshot by Joel Edmundson.
2:48 of 1st period - Deflect By Daniel Carr.
2:48 of 1st period - Stopped by Andrew Hammond with a rebound.
3:17 of 1st period - Brian Lashoff is hit by Ville Leino and loses puck.
4:00 of 1st period - Minor Penalty to John Ramage for Hooking.
4:01 of 1st period - Cody Eakin wins face-off versus Ville Leino in Sewer Rats zone.
4:09 of 1st period - Vojtech Polak is hit by Ville Leino and loses puck.
4:31 of 1st period - Wrist shot by Brandon Pirri.
4:31 of 1st period - Stopped by Richard Bachman with a rebound.
4:33 of 1st period - Snap shot by Brandon Pirri.
4:33 of 1st period - Stopped by Richard Bachman without a rebound.
4:34 of 1st period - Ville Leino wins face-off versus Cody Eakin in Sewer Rats zone.
4:59 of 1st period - Brandon Pirri is hit by Zach Boychuk.
6:00 of 1st period - Penalty to John Ramage is over, John Ramage is back on ice.
6:13 of 1st period - Snap shot by Dennis Everberg.
6:13 of 1st period - Stopped by Richard Bachman without a rebound.
6:14 of 1st period - Michal Repik wins face-off versus Vincent Trocheck in Sewer Rats zone.
6:17 of 1st period - Snap shot by Michal Repik.
6:17 of 1st period - Stopped by Richard Bachman with a rebound.
6:19 of 1st period - Wrist shot by Andreas Martinsen.
6:19 of 1st period - Shot Misses the Net.
6:21 of 1st period - Snap shot by Brian Lashoff.
6:21 of 1st period - Shot Blocked by Jarred Tinordi.
6:23 of 1st period - Snap shot by Brian Lashoff.
6:23 of 1st period - Shot Misses the Net.
6:25 of 1st period - Slapshot by Andreas Martinsen.
6:25 of 1st period - Stopped by Richard Bachman without a rebound.
6:26 of 1st period - Cody Eakin wins face-off versus Jonathan Marchessault in Sewer Rats zone.
6:27 of 1st period - Wrist shot by Tomas Kubalik.
6:27 of 1st period - Stopped by Richard Bachman with a rebound.
6:47 of 1st period - Minor Penalty to Dylan Olsen for Goalie Interference.
6:48 of 1st period - Cody Eakin wins face-off versus Jonathan Marchessault in Harfangs zone.
6:48 of 1st period - Cody Eakin is hit by Ville Leino.
7:00 of 1st period - Snap shot by Ville Leino.
7:00 of 1st period - Deflect By Mark Mancari.
7:00 of 1st period - Deflect By Vojtech Polak.
7:00 of 1st period - Stopped by Andrew Hammond with a rebound.
7:02 of 1st period - Wrist shot by Ville Leino.
7:02 of 1st period - Shot Misses the Net.
7:04 of 1st period - Wrist shot by Ville Leino.
7:04 of 1st period - Shot Blocked by Cody Eakin.
8:05 of 1st period - Jarred Tinordi is hit by Victor Bartley and loses puck.
8:18 of 1st period - Jarred Tinordi is hit by Andreas Martinsen and loses puck.
8:37 of 1st period - Nathan Beaulieu is hit by Jarred Tinordi and loses puck.
8:47 of 1st period - Penalty to Dylan Olsen is over, Dylan Olsen is back on ice.
8:54 of 1st period - Slapshot by Steven Kampfer.
8:54 of 1st period - Stopped by Andrew Hammond with a rebound.
8:56 of 1st period - Snap shot by Matt Lashoff.
8:56 of 1st period - Shot Misses the Net.
9:31 of 1st period - Snap shot by Michal Repik.
9:31 of 1st period - Stopped by Richard Bachman with a rebound.
9:55 of 1st period - Ryan Murphy is hit by Andreas Martinsen and loses puck.
10:18 of 1st period - Wrist shot by Jonathan Huberdeau.
10:18 of 1st period - Shot Blocked by Victor Bartley.
10:20 of 1st period - Wrist shot by Jonathan Huberdeau.
10:20 of 1st period - Shot Blocked by Victor Bartley.
10:22 of 1st period - Slapshot by Jonathan Huberdeau.
10:22 of 1st period - Goal by Jonathan Huberdeau - Sewer Rats : 1 - Harfangs : 0.
10:23 of 1st period - Calle Jarnkrok wins face-off versus Jonathan Marchessault in neutral zone.
10:50 of 1st period - Steven Kampfer is hit by Vojtech Polak and loses puck.
10:55 of 1st period - Wrist shot by Vojtech Polak.
10:55 of 1st period - Shot Misses the Net.
10:57 of 1st period - Slapshot by Brian Lashoff.
10:57 of 1st period - Stopped by Richard Bachman with a rebound.
11:11 of 1st period - Wrist shot by Matt Lashoff.
11:11 of 1st period - Stopped by Andrew Hammond with a rebound.
11:19 of 1st period - Snap shot by Daniel Carr.
11:19 of 1st period - Stopped by Andrew Hammond with a rebound.
11:21 of 1st period - Slapshot by Steven Kampfer.
11:21 of 1st period - Shot Blocked by Brian Lashoff.
11:37 of 1st period - Slapshot by Brandon Pirri.
11:37 of 1st period - Goal by Brandon Pirri - Sewer Rats : 1 - Harfangs : 1.
11:38 of 1st period - Jonathan Marchessault wins face-off versus Cody Eakin in neutral zone.
11:49 of 1st period - Snap shot by Ville Leino.
11:49 of 1st period - Shot Misses the Net.
13:14 of 1st period - Snap shot by Dustin Jeffrey.
13:14 of 1st period - Stopped by Richard Bachman without a rebound.
13:15 of 1st period - Jonathan Marchessault wins face-off versus Calle Jarnkrok in Sewer Rats zone.
13:24 of 1st period - Snap shot by Brandon Pirri.
13:24 of 1st period - Shot Blocked by Matt Lashoff.
14:40 of 1st period - Minor Penalty to Calle Jarnkrok for Holding.
14:41 of 1st period - Jonathan Marchessault wins face-off versus Cody Eakin in Harfangs zone.
15:19 of 1st period - Slapshot by Jonathan Marchessault.
15:19 of 1st period - Shot Misses the Net.
15:21 of 1st period - Slapshot by Matt Lashoff.
15:21 of 1st period - Stopped by Andrew Hammond without a rebound.
15:22 of 1st period - Cody Eakin wins face-off versus Vincent Trocheck in Harfangs zone.
16:05 of 1st period - Vojtech Polak is hit by Matt Lashoff.
16:40 of 1st period - Penalty to Calle Jarnkrok is over, Calle Jarnkrok is back on ice.
16:40 of 1st period - Nathan Beaulieu is hit by Steven Kampfer and loses puck.
16:51 of 1st period - Dylan Olsen is hit by Daniel Carr and loses puck.
17:12 of 1st period - Snap shot by Calle Jarnkrok.
17:12 of 1st period - Stopped by Richard Bachman with a rebound.
17:18 of 1st period - Snap shot by Vojtech Polak.
17:18 of 1st period - Shot Misses the Net.
17:20 of 1st period - Snap shot by Cody Eakin.
17:20 of 1st period - Shot Misses the Net.
17:44 of 1st period - Wrist shot by Vojtech Polak.
17:44 of 1st period - Deflect By Calle Jarnkrok.
17:44 of 1st period - Shot Misses the Net.
17:44 of 1st period - Puck is out of play.
17:45 of 1st period - Dennis Everberg wins face-off versus Jonathan Marchessault in Sewer Rats zone.
17:50 of 1st period - Slapshot by Victor Bartley.
17:50 of 1st period - Deflect By Jonathan Marchessault.
17:50 of 1st period - Stopped by Richard Bachman with a rebound.
17:52 of 1st period - Wrist shot by Boone Jenner.
17:52 of 1st period - Goal by Boone Jenner - Sewer Rats : 1 - Harfangs : 2.
17:53 of 1st period - Jonathan Marchessault wins face-off versus Dennis Everberg in neutral zone.
17:56 of 1st period - Snap shot by Mark Mancari.
17:56 of 1st period - Stopped by Andrew Hammond with a rebound.
18:27 of 1st period - Slapshot by Brian Lashoff.
18:27 of 1st period - Shot Misses the Net.
18:43 of 1st period - Snap shot by Dustin Jeffrey.
18:43 of 1st period - Shot Blocked by John Ramage.
19:06 of 1st period - Slapshot by Nathan Beaulieu.
19:06 of 1st period - Shot Blocked by Mark Mancari.
19:16 of 1st period - Angelo Esposito is hit by Ryan Murphy and loses puck.
19:48 of 1st period - Boone Jenner is hit by Zach Boychuk and loses puck.
Goals for this period are 1 for Sewer Rats vs 2 for Harfangs.
Shots for this period are 9 for Sewer Rats vs 14 for Harfangs.
2nd period
0:01 of 2nd period - Cody Eakin wins face-off versus Jonathan Marchessault in neutral zone.
0:16 of 2nd period - Wrist shot by Ville Leino.
0:16 of 2nd period - Shot Misses the Net.
0:34 of 2nd period - Wrist shot by Dustin Jeffrey.
0:34 of 2nd period - Stopped by Richard Bachman without a rebound.
0:35 of 2nd period - Calle Jarnkrok wins face-off versus Jonathan Marchessault in Sewer Rats zone.
0:36 of 2nd period - Snap shot by Dustin Jeffrey.
0:36 of 2nd period - Stopped by Richard Bachman with a rebound.
0:38 of 2nd period - Wrist shot by Dylan Olsen.
0:38 of 2nd period - Stopped by Richard Bachman with a rebound.
0:40 of 2nd period - Snap shot by Nathan Beaulieu.
0:40 of 2nd period - Shot Blocked by Jarred Tinordi.
0:42 of 2nd period - Backhand shot by Brandon Pirri.
0:42 of 2nd period - Deflect By Ville Leino.
0:42 of 2nd period - Shot Misses the Net.
0:42 of 2nd period - Puck is out of play.
0:43 of 2nd period - Jonathan Marchessault wins face-off versus Calle Jarnkrok in Sewer Rats zone.
1:10 of 2nd period - Snap shot by Zach Boychuk.
1:10 of 2nd period - Shot Blocked by Tomas Kubalik.
2:03 of 2nd period - Boone Jenner is hit by Steven Kampfer and loses puck.
2:10 of 2nd period - Slapshot by Victor Bartley.
2:10 of 2nd period - Stopped by Richard Bachman with a rebound.
2:16 of 2nd period - Steven Kampfer is hit by Boone Jenner and loses puck.
2:58 of 2nd period - Off-side.
2:59 of 2nd period - Calle Jarnkrok wins face-off versus William Karlsson in neutral zone.
3:04 of 2nd period - Snap shot by Dustin Jeffrey.
3:04 of 2nd period - Shot Blocked by William Karlsson.
3:06 of 2nd period - Wrist shot by Dustin Jeffrey.
3:06 of 2nd period - Shot Misses the Net.
3:24 of 2nd period - Cody Eakin is hit by Mark Mancari and loses puck.
3:53 of 2nd period - Off-side.
3:54 of 2nd period - Calle Jarnkrok wins face-off versus Zach Boychuk in neutral zone.
4:01 of 2nd period - Wrist shot by Dustin Jeffrey.
4:01 of 2nd period - Shot Misses the Net.
4:03 of 2nd period - Wrist shot by Calle Jarnkrok.
4:03 of 2nd period - Stopped by Richard Bachman without a rebound.
4:04 of 2nd period - Calle Jarnkrok wins face-off versus Vincent Trocheck in Sewer Rats zone.
4:22 of 2nd period - Minor Penalty to Dustin Jeffrey for Holding.
4:23 of 2nd period - Jonathan Marchessault wins face-off versus Cody Eakin in Harfangs zone.
5:08 of 2nd period - Icing by Matt Lashoff.
5:09 of 2nd period - Cody Eakin wins face-off versus Vincent Trocheck in Sewer Rats zone.
6:22 of 2nd period - Penalty to Dustin Jeffrey is over, Dustin Jeffrey is back on ice.
6:28 of 2nd period - Slapshot by Dustin Jeffrey.
6:28 of 2nd period - Shot Misses the Net.
7:56 of 2nd period - Slapshot by Nick Cousins.
7:56 of 2nd period - Deflect By Calle Jarnkrok.
7:56 of 2nd period - Stopped by Andrew Hammond without a rebound.
7:57 of 2nd period - Calle Jarnkrok wins face-off versus Nick Cousins in Harfangs zone.
8:03 of 2nd period - Off-side.
8:04 of 2nd period - Jonathan Marchessault wins face-off versus Boone Jenner in neutral zone.
8:07 of 2nd period - Snap shot by Ville Leino.
8:07 of 2nd period - Deflect By Jonathan Marchessault.
8:07 of 2nd period - Stopped by Andrew Hammond without a rebound.
8:08 of 2nd period - Boone Jenner wins face-off versus Jonathan Marchessault in Harfangs zone.
8:08 of 2nd period - Boone Jenner is hit by Mark Mancari.
8:52 of 2nd period - Minor Penalty to Dylan Olsen for Hooking.
8:53 of 2nd period - Cody Eakin wins face-off versus Jonathan Marchessault in Harfangs zone.
9:02 of 2nd period - Wrist shot by Mark Mancari.
9:02 of 2nd period - Shot Misses the Net.
9:04 of 2nd period - Snap shot by Jonathan Marchessault.
9:04 of 2nd period - Stopped by Andrew Hammond with a rebound.
9:46 of 2nd period - Ville Leino is hit by Vojtech Polak and loses puck.
10:13 of 2nd period - Cody Eakin is hit by Zach Boychuk and loses puck.
10:52 of 2nd period - Penalty to Dylan Olsen is over, Dylan Olsen is back on ice.
11:19 of 2nd period - Minor Penalty to Jonathan Huberdeau for Tripping.
11:20 of 2nd period - Ville Leino wins face-off versus Cody Eakin in Sewer Rats zone.
11:48 of 2nd period - Off-side.
11:49 of 2nd period - Zach Boychuk wins face-off versus Calle Jarnkrok in neutral zone.
12:00 of 2nd period - Wrist shot by Dustin Jeffrey.
12:00 of 2nd period - Stopped by Richard Bachman with a rebound.
12:02 of 2nd period - Snap shot by Brandon Pirri.
12:02 of 2nd period - Deflect By Dustin Jeffrey.
12:02 of 2nd period - Stopped by Richard Bachman without a rebound.
12:03 of 2nd period - Ville Leino wins face-off versus Cody Eakin in Sewer Rats zone.
13:14 of 2nd period - Vojtech Polak is hit by Joel Edmundson and loses puck.
13:19 of 2nd period - Penalty to Jonathan Huberdeau is over, Jonathan Huberdeau is back on ice.
13:29 of 2nd period - Wrist shot by Nick Cousins.
13:29 of 2nd period - Shot Blocked by Brian Lashoff.
13:31 of 2nd period - Snap shot by Dmitrij Jaskin.
13:31 of 2nd period - Stopped by Andrew Hammond without a rebound.
13:32 of 2nd period - Nick Cousins wins face-off versus Boone Jenner in Harfangs zone.
13:44 of 2nd period - Icing by Daniel Carr.
13:45 of 2nd period - Cody Eakin wins face-off versus Dmitrij Jaskin in Sewer Rats zone.
14:10 of 2nd period - Dmitrij Jaskin is hit by Brandon Saad and loses puck.
14:28 of 2nd period - Snap shot by Daniel Carr.
14:28 of 2nd period - Shot Misses the Net.
14:33 of 2nd period - Minor Penalty to Dylan Olsen for Hooking.
14:34 of 2nd period - Cody Eakin wins face-off versus Jonathan Marchessault in Harfangs zone.
14:42 of 2nd period - Cody Eakin is hit by Mark Mancari and loses puck.
14:59 of 2nd period - Cody Eakin is hit by Zach Boychuk and loses puck.
15:27 of 2nd period - Dustin Jeffrey is hit by Ville Leino.
15:31 of 2nd period - Slapshot by Nathan Beaulieu.
15:31 of 2nd period - Deflect By Dustin Jeffrey.
15:31 of 2nd period - Stopped by Richard Bachman without a rebound.
15:32 of 2nd period - Jonathan Marchessault wins face-off versus Cody Eakin in Sewer Rats zone.
15:58 of 2nd period - Off-side.
15:59 of 2nd period - Tomas Kubalik wins face-off versus Vincent Trocheck in neutral zone.
16:06 of 2nd period - Wrist shot by Tomas Kubalik.
16:06 of 2nd period - Stopped by Richard Bachman without a rebound.
16:07 of 2nd period - Jonathan Marchessault wins face-off versus Tomas Kubalik in Sewer Rats zone.
16:22 of 2nd period - Wrist shot by Mark Mancari.
16:22 of 2nd period - Shot Blocked by Victor Bartley.
16:33 of 2nd period - Penalty to Dylan Olsen is over, Dylan Olsen is back on ice.
16:42 of 2nd period - Snap shot by Jared Boll.
16:42 of 2nd period - Stopped by Andrew Hammond without a rebound.
16:43 of 2nd period - Ville Leino wins face-off versus Calle Jarnkrok in Harfangs zone.
16:48 of 2nd period - Wrist shot by Mark Mancari.
16:48 of 2nd period - Goal by Mark Mancari - Sewer Rats : 2 - Harfangs : 2.
16:49 of 2nd period - Cody Eakin wins face-off versus Jonathan Marchessault in neutral zone.
16:54 of 2nd period - Snap shot by Tomas Kubalik.
16:54 of 2nd period - Shot Misses the Net.
17:16 of 2nd period - Icing by Vincent Trocheck.
17:17 of 2nd period - Brandon Pirri wins face-off versus Vincent Trocheck in Sewer Rats zone.
17:42 of 2nd period - Mark Mancari is hit by Dylan Olsen and loses puck.
18:26 of 2nd period - Snap shot by Jared Boll.
18:26 of 2nd period - Shot Misses the Net.
18:28 of 2nd period - Snap shot by Vincent Trocheck.
18:28 of 2nd period - Deflect By Zach Boychuk.
18:28 of 2nd period - Shot Misses the Net.
18:28 of 2nd period - Puck is out of play.
18:29 of 2nd period - Cody Eakin wins face-off versus Vincent Trocheck in Harfangs zone.
18:31 of 2nd period - Minor Penalty to Mark Alt for Roughing.
18:32 of 2nd period - Cody Eakin wins face-off versus Jonathan Marchessault in Harfangs zone.
19:01 of 2nd period - Wrist shot by Zach Boychuk.
19:01 of 2nd period - Stopped by Andrew Hammond without a rebound.
19:02 of 2nd period - Jonathan Marchessault wins face-off versus Tomas Kubalik in Harfangs zone.
19:37 of 2nd period - Slapshot by Jared Boll.
19:37 of 2nd period - Shot Misses the Net.
19:39 of 2nd period - Wrist shot by Jared Boll.
19:39 of 2nd period - Shot Blocked by Victor Bartley.
Goals for this period are 1 for Sewer Rats vs 0 for Harfangs.
Shots for this period are 7 for Sewer Rats vs 9 for Harfangs.
3rd period
0:01 of 3rd period - Cody Eakin wins face-off versus Jonathan Marchessault in neutral zone.
0:08 of 3rd period - Wrist shot by Cody Eakin.
0:08 of 3rd period - Stopped by Richard Bachman with a rebound.
0:14 of 3rd period - Slapshot by Matt Lashoff.
0:14 of 3rd period - Stopped by Andrew Hammond with a rebound.
0:16 of 3rd period - Slapshot by Jonathan Marchessault.
0:16 of 3rd period - Shot Misses the Net.
0:31 of 3rd period - Penalty to Mark Alt is over, Mark Alt is back on ice.
1:28 of 3rd period - Wrist shot by Michal Repik.
1:28 of 3rd period - Stopped by Richard Bachman with a rebound.
1:45 of 3rd period - Snap shot by William Karlsson.
1:45 of 3rd period - Stopped by Andrew Hammond with a rebound.
1:47 of 3rd period - Snap shot by Martin Frk.
1:47 of 3rd period - Stopped by Andrew Hammond with a rebound.
1:49 of 3rd period - Wrist shot by Jonathan Huberdeau.
1:49 of 3rd period - Shot Misses the Net.
1:51 of 3rd period - Wrist shot by Jonathan Huberdeau.
1:51 of 3rd period - Shot Misses the Net.
1:57 of 3rd period - Snap shot by William Karlsson.
1:57 of 3rd period - Stopped by Andrew Hammond with a rebound.
2:01 of 3rd period - Wrist shot by Jonathan Huberdeau.
2:01 of 3rd period - Stopped by Andrew Hammond with a rebound.
2:03 of 3rd period - Snap shot by William Karlsson.
2:03 of 3rd period - Shot Misses the Net.
2:05 of 3rd period - Snap shot by Jonathan Huberdeau.
2:05 of 3rd period - Shot Misses the Net.
2:07 of 3rd period - Snap shot by William Karlsson.
2:07 of 3rd period - Stopped by Andrew Hammond with a rebound.
2:09 of 3rd period - Slapshot by Joel Edmundson.
2:09 of 3rd period - Shot Hit the Post.
2:11 of 3rd period - Snap shot by Joel Edmundson.
2:11 of 3rd period - Shot Blocked by Dylan Olsen.
2:13 of 3rd period - Wrist shot by Jonathan Huberdeau.
2:13 of 3rd period - Shot Misses the Net.
2:15 of 3rd period - Slapshot by Joel Edmundson.
2:15 of 3rd period - Stopped by Andrew Hammond with a rebound.
2:17 of 3rd period - Slapshot by Jarred Tinordi.
2:17 of 3rd period - Shot Misses the Net.
2:19 of 3rd period - Slapshot by William Karlsson.
2:19 of 3rd period - Shot Blocked by Nathan Beaulieu.
2:24 of 3rd period - Minor Penalty to Dylan Olsen for Roughing.
2:25 of 3rd period - Jonathan Marchessault wins face-off versus Cody Eakin in Harfangs zone.
2:25 of 3rd period - Snap shot by Ville Leino.
2:25 of 3rd period - Goal by Ville Leino - Sewer Rats : 3 - Harfangs : 2.
2:26 of 3rd period - Jonathan Marchessault wins face-off versus Vojtech Polak in neutral zone.
2:37 of 3rd period - Steven Kampfer is hit by Cody Eakin and loses puck.
2:52 of 3rd period - Steven Kampfer is hit by Brandon Saad and loses puck.
3:01 of 3rd period - Slapshot by Brandon Saad.
3:01 of 3rd period - Stopped by Richard Bachman without a rebound.
3:02 of 3rd period - Vincent Trocheck wins face-off versus Cody Eakin in Sewer Rats zone.
3:02 of 3rd period - Vincent Trocheck is hit by Cody Eakin.
3:18 of 3rd period - Snap shot by Jared Boll.
3:18 of 3rd period - Stopped by Andrew Hammond without a rebound.
3:19 of 3rd period - Calle Jarnkrok wins face-off versus Jonathan Marchessault in Harfangs zone.
3:19 of 3rd period - Calle Jarnkrok is hit by Matt Lashoff.
3:27 of 3rd period - Snap shot by Dustin Jeffrey.
3:27 of 3rd period - Stopped by Richard Bachman without a rebound.
3:28 of 3rd period - Calle Jarnkrok wins face-off versus Jonathan Marchessault in Sewer Rats zone.
4:05 of 3rd period - Snap shot by Mark Mancari.
4:05 of 3rd period - Shot Blocked by Brian Lashoff.
4:20 of 3rd period - Off-side.
4:21 of 3rd period - Tomas Kubalik wins face-off versus Vincent Trocheck in neutral zone.
4:23 of 3rd period - Vojtech Polak is hit by Zach Boychuk and loses puck.
5:16 of 3rd period - Slapshot by Cody Eakin.
5:16 of 3rd period - Shot Blocked by John Ramage.
5:18 of 3rd period - Slapshot by Nathan Beaulieu.
5:18 of 3rd period - Stopped by Richard Bachman with a rebound.
5:20 of 3rd period - Snap shot by Cody Eakin.
5:20 of 3rd period - Goal by Cody Eakin - Sewer Rats : 3 - Harfangs : 3.
5:21 of 3rd period - Cody Eakin wins face-off versus Jonathan Marchessault in neutral zone.
6:33 of 3rd period - Wrist shot by Martin Frk.
6:33 of 3rd period - Stopped by Andrew Hammond with a rebound.
6:35 of 3rd period - Wrist shot by Martin Frk.
6:35 of 3rd period - Stopped by Andrew Hammond without a rebound.
6:36 of 3rd period - Jonathan Marchessault wins face-off versus Cody Eakin in Harfangs zone.
6:36 of 3rd period - Jonathan Marchessault is hit by Victor Bartley.
6:42 of 3rd period - Wrist shot by Mark Mancari.
6:42 of 3rd period - Shot Blocked by Brian Lashoff.
6:52 of 3rd period - Snap shot by Vojtech Polak.
6:52 of 3rd period - Goal by Vojtech Polak - Sewer Rats : 3 - Harfangs : 4.
6:53 of 3rd period - Cody Eakin wins face-off versus Jonathan Marchessault in neutral zone.
8:08 of 3rd period - Slapshot by Andreas Martinsen.
8:08 of 3rd period - Shot Misses the Net.
8:27 of 3rd period - Slapshot by Ville Leino.
8:27 of 3rd period - Shot Blocked by Dylan Olsen.
8:29 of 3rd period - Minor Penalty to Dylan Olsen for High sticking.
8:30 of 3rd period - Vojtech Polak wins face-off versus Jonathan Marchessault in Harfangs zone.
8:30 of 3rd period - Vojtech Polak is hit by Jonathan Marchessault.
8:38 of 3rd period - Snap shot by Ville Leino.
8:38 of 3rd period - Goal by Ville Leino - Sewer Rats : 4 - Harfangs : 4.
8:39 of 3rd period - Jonathan Marchessault wins face-off versus Cody Eakin in neutral zone.
8:42 of 3rd period - Slapshot by Steven Kampfer.
8:42 of 3rd period - Stopped by Andrew Hammond with a rebound.
8:44 of 3rd period - Wrist shot by Ville Leino.
8:44 of 3rd period - Shot Misses the Net.
8:46 of 3rd period - Wrist shot by Mark Mancari.
8:46 of 3rd period - Shot Blocked by Tomas Kubalik.
9:04 of 3rd period - Steven Kampfer is hit by Dustin Jeffrey and loses puck.
10:00 of 3rd period - Joel Edmundson is hit by Angelo Esposito and loses puck.
10:11 of 3rd period - Slapshot by Dustin Jeffrey.
10:11 of 3rd period - Stopped by Richard Bachman with a rebound.
10:17 of 3rd period - Snap shot by Calle Jarnkrok.
10:17 of 3rd period - Shot Misses the Net.
10:22 of 3rd period - Joel Edmundson is hit by Brandon Pirri and loses puck.
10:25 of 3rd period - Slapshot by Mark Mancari.
10:25 of 3rd period - Stopped by Andrew Hammond without a rebound.
10:26 of 3rd period - Vincent Trocheck wins face-off versus Cody Eakin in Harfangs zone.
10:30 of 3rd period - Minor Penalty to Tomas Kubalik for Roughing.
10:31 of 3rd period - Cody Eakin wins face-off versus Vincent Trocheck in Harfangs zone.
10:43 of 3rd period - Wrist shot by Zach Boychuk.
10:43 of 3rd period - Shot Misses the Net.
10:45 of 3rd period - Wrist shot by Jared Boll.
10:45 of 3rd period - Deflect By Zach Boychuk.
10:45 of 3rd period - Stopped by Andrew Hammond without a rebound.
10:46 of 3rd period - Jonathan Marchessault wins face-off versus Cody Eakin in Harfangs zone.
10:59 of 3rd period - Snap shot by Ville Leino.
10:59 of 3rd period - Shot Misses the Net.
11:01 of 3rd period - Snap shot by Jonathan Marchessault.
11:01 of 3rd period - Shot Misses the Net.
11:11 of 3rd period - Victor Bartley is hit by Zach Boychuk and loses puck.
11:18 of 3rd period - Wrist shot by Jared Boll.
11:18 of 3rd period - Stopped by Andrew Hammond without a rebound.
11:19 of 3rd period - Cody Eakin wins face-off versus Jonathan Marchessault in Harfangs zone.
11:19 of 3rd period - Cody Eakin is hit by Jarred Tinordi.
11:33 of 3rd period - Wrist shot by Ville Leino.
11:33 of 3rd period - Shot Misses the Net.
12:09 of 3rd period - Snap shot by Zach Boychuk.
12:09 of 3rd period - Shot Blocked by Victor Bartley.
12:30 of 3rd period - Penalty to Tomas Kubalik is over, Tomas Kubalik is back on ice.
13:06 of 3rd period - Wrist shot by Nick Cousins.
13:06 of 3rd period - Deflect By Daniel Carr.
13:06 of 3rd period - Shot Misses the Net.
13:06 of 3rd period - Puck is out of play.
13:07 of 3rd period - Nick Cousins wins face-off versus Angelo Esposito in Harfangs zone.
13:13 of 3rd period - Icing by Michal Repik.
13:14 of 3rd period - Nick Cousins wins face-off versus Angelo Esposito in Harfangs zone.
13:19 of 3rd period - Slapshot by Daniel Carr.
13:19 of 3rd period - Stopped by Andrew Hammond with a rebound.
13:29 of 3rd period - Backhand shot by Andreas Martinsen.
13:29 of 3rd period - Shot Blocked by John Ramage.
13:35 of 3rd period - Minor Penalty to Daniel Carr for Hooking.
13:36 of 3rd period - Ville Leino wins face-off versus Cody Eakin in Sewer Rats zone.
13:49 of 3rd period - Slapshot by Brian Lashoff.
13:49 of 3rd period - Stopped by Richard Bachman with a rebound.
13:51 of 3rd period - Snap shot by Cody Eakin.
13:51 of 3rd period - Shot Misses the Net.
14:09 of 3rd period - Wrist shot by Dustin Jeffrey.
14:09 of 3rd period - Stopped by Richard Bachman with a rebound.
14:11 of 3rd period - Slapshot by Brian Lashoff.
14:11 of 3rd period - Deflect By Mark Mancari.
14:11 of 3rd period - Stopped by Richard Bachman with a rebound.
15:00 of 3rd period - Icing by Cody Eakin.
15:01 of 3rd period - Cody Eakin wins face-off versus Zach Boychuk in Harfangs zone.
15:01 of 3rd period - Cody Eakin is hit by Jared Boll.
15:35 of 3rd period - Penalty to Daniel Carr is over, Daniel Carr is back on ice.
16:00 of 3rd period - Minor Penalty to Dylan Olsen for Holding.
16:01 of 3rd period - Vincent Trocheck wins face-off versus Cody Eakin in Harfangs zone.
17:15 of 3rd period - Zach Boychuk is hit by Vojtech Polak and loses puck.
17:51 of 3rd period - Slapshot by Zach Boychuk.
17:51 of 3rd period - Stopped by Andrew Hammond with a rebound.
18:00 of 3rd period - Penalty to Dylan Olsen is over, Dylan Olsen is back on ice.
18:01 of 3rd period - Wrist shot by Zach Boychuk.
18:01 of 3rd period - Shot Blocked by Dylan Olsen.
18:03 of 3rd period - Slapshot by Vincent Trocheck.
18:03 of 3rd period - Stopped by Andrew Hammond without a rebound.
18:04 of 3rd period - William Karlsson wins face-off versus Boone Jenner in Harfangs zone.
18:09 of 3rd period - Wrist shot by Martin Frk.
18:09 of 3rd period - Shot Misses the Net.
18:11 of 3rd period - Snap shot by Ryan Murphy.
18:11 of 3rd period - Stopped by Andrew Hammond without a rebound.
18:12 of 3rd period - Jonathan Huberdeau wins face-off versus Brandon Saad in Harfangs zone.
18:39 of 3rd period - Snap shot by Dustin Jeffrey.
18:39 of 3rd period - Stopped by Richard Bachman without a rebound.
18:40 of 3rd period - Calle Jarnkrok wins face-off versus Jonathan Marchessault in Sewer Rats zone.
18:51 of 3rd period - Wrist shot by Mark Mancari.
18:51 of 3rd period - Goal by Mark Mancari - Sewer Rats : 5 - Harfangs : 4.
18:52 of 3rd period - Cody Eakin wins face-off versus Jonathan Marchessault in neutral zone.
18:59 of 3rd period - Cody Eakin is hit by Jonathan Marchessault and loses puck.
19:14 of 3rd period - Harfangs, Andrew Hammond is pulled from the net.
19:18 of 3rd period - Snap shot by Tomas Kubalik.
19:18 of 3rd period - Stopped by Richard Bachman without a rebound.
19:19 of 3rd period - Rick Tocchet call a timeout for Harfangs.
19:19 of 3rd period - Jonathan Marchessault wins face-off versus Vojtech Polak in Sewer Rats zone.
19:25 of 3rd period - Snap shot by Jonathan Marchessault.
19:25 of 3rd period - Shot Misses the Net.
19:27 of 3rd period - Wrist shot by Ville Leino.
19:27 of 3rd period - Shot Misses the Net.
19:29 of 3rd period - Snap shot by Mark Mancari.
19:29 of 3rd period - Goal by Mark Mancari - Sewer Rats : 6 - Harfangs : 4.
19:29 of 3rd period - Andrew Hammond from Harfangs was sent back in the game.
19:30 of 3rd period - Boone Jenner wins face-off versus William Karlsson in neutral zone.
19:42 of 3rd period - Minor Penalty to Brandon Saad for Holding.
19:43 of 3rd period - Jonathan Marchessault wins face-off versus Cody Eakin in Harfangs zone.
Goals for this period are 4 for Sewer Rats vs 2 for Harfangs.
Shots for this period are 22 for Sewer Rats vs 13 for Harfangs.
Back to the Top